 Dungeon Crawl Stone Soup version 0.29-a0-993-g4a18f31a58 (webtiles) character file.

Game seed: 4694612460006464205

771 Newt the Covert (level 7, 0/45 HPs)
             Began as an Octopode Brigand on Aug 2, 2022.
             Slain by a gnoll
             ... wielding a +0 spear
              (7 damage)
             ... on level 4 of the Dungeon.
             The game lasted 00:05:19 (3828 turns).

Newt the Covert (Octopode Brigand)                  Turns: 3828, Time: 00:05:20

Health: 0/45       AC:  1    Str: 10    XL:     7   Next: 83%
Magic:  16/16      EV: 13    Int: 20    God:
Gold:   25         SH:  0    Dex: 15    Spells: 6/6 levels left

rFire   + + .      SeeInvis .   p - +2 short sword (venom)
rCold   . . .      Faith    .   (no shield)
rNeg    + . .      Spirit   .   (helmet restricted)
rPois   .          Reflect  .   i - amulet of the acrobat
rElec   .          Harm     .   e - ring of positive energy
rCorr   .          Rampage  .   g - +6 ring of intelligence
Will    .....                   j - ring of protection from fire
Stlth   ++++++....              l - ring of protection from fire
HPRegen 0.15/turn               r - ring of magical power
MPRegen 0.15/turn               (no ring)
                                (no ring)
                                (no ring)

@: no status effects
A: almost no armour, amphibious, 8 rings, camouflage 1, gelatinous body 1,
(nimble swimmer 1), tentacles
a: no special abilities


You were on level 4 of the Dungeon.
You visited 1 branch of the dungeon, and saw 4 of its levels.

You collected 222 gold pieces.
You spent 197 gold pieces at shops.

Inventory:

Hand Weapons
 a - a +3 dagger
 p - a +2 short sword of venom (weapon)
Missiles
 b - 9 poisoned darts (quivered)
 c - 3 curare-tipped darts
 m - 5 javelins
Jewellery
 e - a ring of positive energy (left tentacle)
 g - a +6 ring of intelligence (right tentacle)
 i - an amulet of the acrobat (around mantle)
 j - a ring of protection from fire (on tentacle)
 l - a ring of protection from fire (on tentacle)
 r - a ring of magical power (on tentacle)
Scrolls
 d - a scroll of amnesia
 q - 2 scrolls of poison
Potions
 f - 2 potions of curing {unknown}
 h - a potion of heal wounds {unknown}
 k - a potion of might
 n - a potion of flight {unknown}
 o - a potion of brilliance {unknown}


   Skills:
 + Level 2.7 Fighting
 + Level 4.8 Short Blades
 + Level 2.1 Throwing
 + Level 2.1 Dodging
 + Level 10.7 Stealth


You had 6 spell levels left.
You didn't know any spells.
Your spell library contained the following spells:

 Spells                   Type           Power      Damage    Failure   Level
 Slow                     Hex            0%         N/A       19%         1
 Confusing Touch          Hex            0%         N/A       50%         3
 Portal Projectile        Hex/Tloc       0%         N/A       50%         3
 Tukima's Dance           Hex            0%         N/A       50%         3
 Vampiric Draining        Necr           0%         2d6       50%         3
 Summon Ice Beast         Ice/Summ       0%         N/A       88%         4
 Blade Hands              Tmut           0%         N/A       99%         5
 Summon Mana Viper        Hex/Summ       0%         N/A       99%         5
 Monstrous Menagerie      Summ           0%         N/A       100%        7


Dungeon Overview and Level Annotations

Branches:
Dungeon (4/15)
 Temple: D:4-7

Altars:

Shops:
D:4 *


Innate Abilities, Weirdness & Mutations

You cannot wear most types of armour.
You are amphibious.
You can wear up to eight rings at the same time.
Your skin changes colour to match your surroundings (Stealth+).
Your rubbery body absorbs attacks. (AC +1, EV +1)
((You are camouflaged when in or above water. (Stealth+)))
You have tentacles for arms and can constrict up to eight enemies at once.


Message History

The gnoll hits you from afar with a +0 spear.
You release your grip on the gnoll.
You kill the gnoll!
You hit the gnoll. Your grab misses the gnoll. You squeeze the gnoll!
You kill the gnoll!
The gnoll hits you from afar with a +0 spear!
You hit the gnoll.
The gnoll is poisoned.
You grab the gnoll.
You squeeze the gnoll, but do no damage.
The gnoll is moderately wounded.
You constrict the gnoll, but do no damage.
The gnoll hits you from afar with a +0 spear.
The gnoll hits you with a +0 whip.
You hit the gnoll but do no damage.
The gnoll looks as sick as possible!
The gnoll is severely wounded.
You constrict the gnoll.
The gnoll hits you from afar with a +0 spear!
The gnoll escapes!
You hit the gnoll.
You kill the gnoll!
The gnoll hits you from afar with a +0 spear!
* * * LOW HITPOINT WARNING * * *
You miss the adder. Your grab misses the adder. The adder misses you.
The adder bites you.
* * * LOW HITPOINT WARNING * * *
Unknown command.
You closely miss the adder. You grab the adder. You constrict the adder.
The gnoll barely misses you. The adder misses you.
You barely miss the adder.
The adder is lightly wounded.
You constrict the adder. The gnoll barely misses you.
The adder closely misses you.
You completely miss the adder.
The adder is lightly wounded.
You constrict the adder. The gnoll closely misses you. The adder misses you.
You hit the adder.
The adder is poisoned.
The adder is moderately wounded.
You constrict the adder. The adder bites you.
* * * LOW HITPOINT WARNING * * *
The gnoll hits you from afar with a +0 spear!
You die...

#######..###....##.......+.......
......#...#......+.......#.......
......#...'......#.......#.......
......#...#.....##########.......
......#...#.....#............####
......#...#.....'............#
'######♣..P♣#####............#
.### ♣~~P♣...>.............# ...#
♣♣~♣♣♣...@########....# ...#
♣~♣♣..♣.)S)..# #....# ...♣♣
**♣~♣♣♣*♣♣.#g..# #....#
...~♣♣♣~~~~~*~*♣.#...# #....#
.....~~~~~~,,~~..#..#####....####
###~P~~♣~~~**~P♣##S.#......###...
...♣♣♣♣♣*~♣**♣♣**,..#....>.#.....
....#.♣**~P* *,..#.....†#.....
....#.♣♣P~♣* *,..+......#.....


You could see a gnoll and an adder (very poisoned).

Vanquished Creatures
  Eustachio (D:4)
  The ghost of mcwallace the Firebug, an amateur DsFE of Gozag (D:4)
  A sky beast (D:4)
  2 ogres (D:4)
  A scorpion (D:4)
  A howler monkey (D:4)
  A hound (D:4)
  4 gnolls
  3 adders (D:2)
  2 worms
  2 dart slugs
  6 orcs
  5 endoplasms
  3 giant cockroaches
  5 goblins
  6 hobgoblins
  4 kobolds (D:2)
  3 quokkas
  7 ball pythons
  A frilled lizard (D:1)
  6 rats
65 creatures vanquished.

Notes
Turn   | Place    | Note
-------+----------+-------------------------------------------
     0 | D:1      | Newt the Octopode Brigand began the quest for the Orb.
     0 | D:1      | Reached XP level 1. HP: 14/14 MP: 1/1
   271 | D:1      | Reached skill level 6 in Stealth
   271 | D:1      | Reached XP level 2. HP: 19/19 MP: 2/2
   503 | D:1      | Reached XP level 3. HP: 10/24 MP: 3/3
  1681 | D:2      | Reached XP level 4. HP: 29/29 MP: 4/4
  1920 | D:2      | Reached skill level 7 in Stealth
  3135 | D:4      | Found Het Doepu's Assorted Antiques.
  3148 | D:4      | Bought a glowing short sword for 150 gold pieces
  3148 | D:4      | Bought a viscous dark potion for 22 gold pieces
  3148 | D:4      | Bought a scroll labelled ASHAMO KOUMNA for 25 gold pieces
  3167 | D:4      | Noticed an ogre
  3196 | D:4      | Noticed a scorpion
  3200 | D:4      | Killed a scorpion
  3201 | D:4      | Reached XP level 5. HP: 34/34 MP: 5/5
  3374 | D:4      | Killed an ogre
  3375 | D:4      | Reached skill level 8 in Stealth
  3375 | D:4      | Reached XP level 6. HP: 40/40 MP: 6/6
  3451 | D:4      | Noticed Eustachio
  3456 | D:4      | Killed Eustachio
  3457 | D:4      | Reached skill level 9 in Stealth
  3489 | D:4      | Found a runed translucent door.
  3489 | D:4      | Noticed mcwallace's ghost (amateur DsFE)
  3497 | D:4      | Noticed a sky beast
  3498 | D:4      | Killed mcwallace's ghost
  3499 | D:4      | Reached XP level 7. HP: 45/45 MP: 7/7
  3501 | D:4      | Reached skill level 10 in Stealth
  3828 | D:4      | Slain by a gnoll

Illustrated notes

Levels and vault maps discovered:
D:1:      dpeg_arrival_oval, layout_basic, minmay_hedge_maze
D:2:      layout_basic
D:3:      layout_basic, palyth_stone_intersect, minmay_misc_feat_tiny
D:4:      layout_gridville, serial_shops, nicolae_shop_overgrown_old_shop,
          ebering_ghost_inner_flame, serial_bayou, serial_bayou_lagoon_a,
          serial_bayou_crossing, serial_bayou_shore_a, serial_bayou_pond_e,
          uniq_eustachio

Skill      XL: |  1  2  3  4  5  6  7 |
---------------+----------------------+-----
Stealth        | 6 7 8 9 10 | 10.7
Short Blades   | 3 4 |  4.8
Dodging        | 2 |  2.1
Fighting       | |  2.7
Throwing       | |  2.1

Action                   |  1- 3 |  4- 6 |  7- 9 || total
-------------------------+-------+-------+-------++-------
Melee: Dagger            |    54 |    35 |       ||    89
       Constrict         |    11 |     8 |     3 ||    22
       Tentacles         |     9 |     8 |     2 ||    19
       Punch             |     1 |       |     1 ||     2
       Short sword       |       |    12 |    21 ||    33
  Use: Scroll            |     1 |     8 |       ||     9
       Potion            |       |     1 |       ||     1
 Stab: Sleeping          |     8 |    18 |     5 ||    31
Armor: Skin              |     2 |       |       ||     2
Dodge: Dodged            |    25 |    13 |    10 ||    48

Table legend: (Time is in decaauts)
 A = Elapsed time spent in this place.
 B = Non-inter-level travel time spent in this place.
 C = Inter-level travel time spent in this place.
 D = Time resting spent in this place.
 E = Time spent auto-exploring this place.
 F = Levels seen in this place.
 G = Mean time per level.
                   A        B        C        D        E       F      G
               +--------+--------+--------+--------+--------+-----+--------+
         Total |   3811 |   3626 |    185 |    703 |   2414 |   4 |  952.8 |
       Dungeon |   3811 |   3626 |    185 |    703 |   2414 |   4 |  952.8 |
               +--------+--------+--------+--------+--------+-----+--------+

Top non-repeatable levels by time:
     D:1: 1145 daAuts
     D:2: 1025 daAuts
     D:3: 836 daAuts
     D:4: 803 daAuts
